 Dungeon Crawl Stone Soup version 0.26.0-10-g1f06aea511 (webtiles) character file.

Game seed: 9786450488532168896

62 inc the Vexing (level 3, 0/14 HPs)
             Began as a Felid Enchanter on Jan 31, 2021.
             Succumbed to an adder's poison
             ... on level 2 of the Dungeon.
             The game lasted 00:01:22 (2270 turns).

inc the Vexing (Felid Enchanter)                    Turns: 2270, Time: 00:01:23

Health: 0/14       AC:  1    Str:  4    XL:     3   Next: 85%
Magic:  7/7        EV: 20    Int: 16    God:
Gold:   99         SH:  0    Dex: 17    Spells: 5/6 levels left
                                        Lives:  0   Deaths: 0

rFire    . . .     SeeInvis +     - Unarmed
rCold    . . .     Faith    .   (shield unavailable)
rNeg     . . .     Spirit   .   (armour unavailable)
rPois    .         Reflect  .   (helmet unavailable)
rElec    .         Harm     .   (cloak unavailable)
rCorr    .         Rampage  .   (gloves unavailable)
Will     .....                  (boots unavailable)
Stlth    +++.......             (no amulet)
HPRegen  0.04/turn              (no ring)
MPRegen  0.10/turn              (no ring)

@: brilliant, lethally poisoned (0 -> -11), attractive, quick
A: very small, no armour, no weapons or thrown items, stealth, claws 1, fangs 3,
see invisible, speed 1, shaggy fur 1, sharp paws
a: no special abilities


You were on level 2 of the Dungeon.
You visited 1 branch of the dungeon, and saw 2 of its levels.

You collected 99 gold pieces.

Inventory:

Jewellery
 k - an uncursed amulet of the acrobat {unknown}
Scrolls
 a - 2 scrolls of teleportation {unknown}
 c - 3 scrolls of remove curse {unknown}
 f - a scroll of blinking {unknown}
 h - a scroll of enchant armour {unknown}
 l - a scroll of enchant weapon {unknown}
Potions
 b - a potion of magic {unknown}
 d - a potion of attraction
 e - a potion of flight {unknown}
 g - a potion of brilliance
 i - a potion of curing
 j - a potion of ambrosia {unknown}


   Skills:
 + Level 4.4 Dodging
 - Level 4.0 Stealth
 + Level 2.7 Unarmed Combat
 - Level 2.0 Spellcasting
 - Level 4.4 Hexes


You had 5 spell levels left.
You knew the following spells:

 Your Spells              Type           Power        Failure   Level
a - Corona                Hex            25%          3%          1

Your spell library contained the following spells:

 Spells                   Type           Power        Failure   Level
 Confusing Touch          Hex            23%          11%         3
 Tukima's Dance           Hex            23%          11%         3
 Ensorcelled Hibernation  Hex/Ice        24%          13%         2
 Dazzling Flash           Conj/Hex       24%          26%         3


Dungeon Overview and Level Annotations

Branches:
Dungeon (2/15)

Altars:


Innate Abilities, Weirdness & Mutations

You cannot wear armour.
You are incapable of wielding weapons or throwing items.
Your paws allow you to move quietly. (Stealth)
You have sharp claws.
You have razor-sharp teeth.
You have supernaturally acute eyesight. (SInv)
You cover ground quickly.
You are covered in fur. (AC +1)
Your sharp claws are effective at attacking unaware monsters.


Message History

You are too injured to fight recklessly!
You are too injured to fight recklessly!
You are too injured to fight recklessly!
You are too injured to fight recklessly!
You are too injured to fight recklessly!
You are too injured to fight recklessly!
You are too injured to fight recklessly!
You are too injured to fight recklessly!
You are too injured to fight recklessly!
You are too injured to fight recklessly!
You are too injured to fight recklessly!
You scratch the adder.
The adder is heavily wounded.
The adder bites you.
* * * LOW HITPOINT WARNING * * *
You are lethally poisoned!
The adder poisons you!
You scratch the adder but do no damage.
The adder is heavily wounded.
You die...

#...##.#
#......###.#.#...
#...##.######......#
#.#.....
#...........#......#
#.#.....
#...........#......#
#.#...>.
#..............)...#
#.#.....
####...............#
#...†...
#....#####......#
#.##....
#....#.#[#......#
####...†
#....#..S@........
#....
#....#.#)#........
#.>.. #....
###........ #....
#.) ......... #....
...+##### #.... ###.
#.... .# .#


You could see an adder.

Vanquished Creatures
  An adder (D:2)
  An ooze (D:1)
  2 worms (D:2)
  4 dart slugs
  A leopard gecko (D:2)
  6 bats
  2 giant cockroaches
  A goblin (D:2)
  6 hobgoblins
  2 frilled lizards (D:1)
  2 kobolds
  8 rats
36 creatures vanquished.

Notes
Turn   | Place    | Note
-------+----------+-------------------------------------------
     0 | D:1      | inc the Felid Enchanter began the quest for the Orb.
     0 | D:1      | Reached XP level 1. HP: 7/7 MP: 4/4
    70 | D:1      | Reached XP level 2. HP: 1/11 MP: 6/6
  1548 | D:2      | Reached XP level 3. HP: 14/14 MP: 7/7
  2270 | D:2      | Succumbed to an adder's poison

Illustrated notes

Levels and vault maps discovered:
D:1:      psy_arrival_fountain, layout_rooms
D:2:      layout_basic, st_stairs_7, minmay_split_cup_small

Skill      XL: |  1  2  3 |
---------------+----------+-----
Dodging        | 3 4 |  4.4
Unarmed Combat | 2 |  2.7
Stealth        | |  4.0
Spellcasting   | |  2.0
Hexes          | |  4.4

Action                   || total
-------------------------++-------
Melee: Unarmed           ||   109
       Bite              ||     7
       Punch             ||     2
  Use: Potion            ||     3
 Stab: Sleeping          ||    14
Armor: Skin              ||     4
Dodge: Dodged            ||    73
